 Dungeon Crawl Stone Soup version 0.20-a0-739-g6bb112f (webtiles) character file.

38 Gorglomux the Skirmisher (level 3, -2/34 HPs)
             Began as a Draconian Wanderer on Feb 24, 2017.
             Slain by Sigmund
             ... wielding a +2 scythe of venom
              (9 damage)
             ... on level 2 of the Dungeon on Feb 25, 2017.
             The game lasted 00:03:44 (1341 turns).

Gorglomux the Skirmisher (Draconian Wanderer)       Turns: 1341, Time: 00:03:45

Health: -2/34      AC:  5    Str: 10    XL:     3   Next: 25%
Magic:  4/4        EV: 11    Int: 15    God:
Gold:   60         SH:  0    Dex: 10    Spells: 2/2 levels left

rFire    . . .     SeeInvis .   t - +0 war axe
rCold    + . .     Gourm    .   (armour unavailable)
rNeg     . . .     Faith    .   (no shield)
rPois    .         Spirit   .   (helmet restricted)
rElec    .         Reflect  .   (no cloak)
rCorr    .         Harm     .   (no gloves)
MR       .....                  (no boots)
Stlth    ++........             (no amulet)
Regen    0.2/turn               (no ring)
MPRegen  0.1/turn               c - ring of protection from cold

@: lethally poisoned (-2 -> -14)
A: unfitting armour, deterioration 1, weak 1, cold-blooded, AC +5
a: no special abilities


You were on level 2 of the Dungeon.
You were not hungry.

You visited 1 branch of the dungeon, and saw 2 of its levels.

You collected 60 gold pieces.

Inventory:

Hand Weapons
 a - a +2 hand axe
 b - a +0 mace
 d - a +0 dagger
 t - a +0 war axe (weapon)
Missiles
 Z - a throwing net (quivered)
Jewellery
 c - a ring of protection from cold (left hand)
Potions
 i - a potion of curing
 l - 2 potions of berserk rage {unknown}
 o - a potion of flight {unknown}
 p - a potion of haste {unknown}
 r - a potion of might {unknown}
Comestibles
 f - 3 bread rations
 u - 2 royal jellies
 v - a meat ration


   Skills:
 - Level 4.3 Fighting
 - Level 1.1 Short Blades
 + Level 3.4 Axes
 - Level 1.7 Stealth
   Level 2.0 Evocations


You had 2 spell levels left.
You didn't know any spells.

Dungeon Overview and Level Annotations

Branches:
Dungeon (2/15)

Altars:

Annotations:
D:2 Sigmund


Innate Abilities, Weirdness & Mutations

Your plain brown scales are hard. (AC +5)
You cannot fit into any form of body armour.
You are cold-blooded and may be slowed by cold attacks.
Your body sometimes deteriorates upon taking damage.
You are weak. (Str -2)


Message History

Sigmund casts a spell.
Sigmund flickers and vanishes!
No target in view!
No target in view!
Something barely misses you.
There is a stone staircase leading down here.
You hear some strange, mumbled words.
A puff of flame appears from out of thin air!
The puff of flame hits you!
You miss something.
The hobgoblin shouts!
Something hits you.
You barely miss something. Something hits you!
You hit something. Something hits you!
* * * LOW HITPOINT WARNING * * *
You are lethally poisoned!
You closely miss something. You hit the hobgoblin.
* * * LOW HITPOINT WARNING * * *
You feel sick. The hobgoblin misses you. Something hits you!
You die...

*..#* ******##,,,,,,,,*
**..## *,,,,..,,,,******
###..# *,,,,.#*,.,,****
##....#######.##.#.,,,,***#
##.$...##...<......#,,,,,,,,
#.......#..........#**,*****
#............).....#**..####
#......(....{.......,,......
##.....##.>@g......#*,#.....
#..................#*,#####.
#..[....#..........##..####.
#.......#..........#*#......
##.....##.....>....########.
####...######..#.....# ####.
#...#### *#.#.....####....
#...# #.......##...... #...#
###...............


You could see a hobgoblin.

Vanquished Creatures
  2 dart slugs (D:1)
  2 giant cockroaches
  3 goblins (D:1)
  10 jackals
  4 kobolds
  A ball python (D:1)
  3 bats (D:1)
  3 frilled lizards (D:1)
  2 rats (D:1)
30 creatures vanquished.

Notes
Turn   | Place    | Note
-------+----------+-------------------------------------------
     0 | D:1      | Gorglomux the Draconian Wanderer began the quest for the Orb.
     0 | D:1      | Gorglomux set off with: a +2 hand axe, a +0 mace, a potion of curing, a +0 dagger, a bread ration
     0 | D:1      | Reached XP level 1. HP: 22/22 MP: 2/2
   207 | D:1      | Reached skill level 1 in Short Blades
   248 | D:1      | Reached XP level 2. HP: 27/28 MP: 3/3
   409 | D:1      | Reached skill level 3 in Axes
   851 | D:1      | Reached XP level 3. HP: 34/34 MP: 4/4
  1222 | D:2      | Noticed Sigmund
  1237 | D:2      | Gained mutation: You tend to lose your temper in combat. [potion of mutation]
  1237 | D:2      | Gained mutation: You are weak. (Str -2) [potion of mutation]
  1237 | D:2      | Gained mutation: Your skin changes colour to match your surroundings (Stealth+). [potion of mutation]
  1238 | D:2      | Lost mutation: You are weak. (Str -2) [potion of mutation]
  1238 | D:2      | Lost mutation: Your skin changes colour to match your surroundings (Stealth+). [potion of mutation]
  1238 | D:2      | Lost mutation: You tend to lose your temper in combat. [potion of mutation]
  1238 | D:2      | Gained mutation: Your body sometimes deteriorates upon taking damage. [potion of mutation]
  1238 | D:2      | Gained mutation: Your spells are a little easier to cast, but a little less powerful. [potion of mutation]
  1238 | D:2      | Gained mutation: You are weak. (Str -2) [potion of mutation]
  1238 | D:2      | Lost mutation: Your spells are a little easier to cast, but a little less powerful. [potion of mutation]
  1341 | D:2      | Slain by Sigmund

Vault maps used:
D:1:      dpeg_cavernosity
D:2:      uniq_sigmund

Skill      XL: |  1  2 |
---------------+-------+-----
Short Blades   | 1 |  1.1
Axes           | 3 |  3.4
Fighting       | |  4.3
Stealth        | |  1.7
Evocations     | |  2.0

Action                   || total
-------------------------++-------
Melee: Hand axe          ||    61
       Tailslap          ||     4
       War axe           ||    14
  Use: Scroll            ||     6
       Potion            ||     2
 Stab: Sleeping          ||     3
  Eat: Chunk             ||     1
Armor: Skin              ||    36
Dodge: Dodged            ||    51
